 Dungeon Crawl Stone Soup version 0.18-a0-1539-g1c7284a (webtiles) character file.

226 Ijustatesigmund the Insei (level 6, -13/42 HPs)
             Began as an Octopode Transmuter on Mar 9, 2016.
             Mangled by a troll (15 damage)
             ... on level 5 of the Dungeon.
             The game lasted 00:11:56 (3333 turns).

Ijustatesigmund the Insei (Octopode Transmuter)     Turns: 3333, Time: 00:11:56

Health: -13/42     AC:  1    Str: 10    XL:     6   Next: 1%
Magic:  4/9        EV: 18    Int: 17    God:
Gold:   140        SH:  0    Dex: 17    Spells: 3 memorised, 3 levels left

rFire  . . .     SeeInvis .       - Unarmed
rCold  . . .     Gourm    .     (no shield)
rNeg   . . .     Faith    .     (helmet restricted)
rPois  .         Spirit   .     (no amulet)
rElec  .         Dismiss  .     (no ring)
rCorr  .         Reflect  .     (no ring)
SustAt .         Harm     .     (no ring)
MR     .....                    (no ring)
Stlth  +++++.....               (no ring)
                                (no ring)
                                (no ring)
                                (no ring)

@: agile, exhausted, slowed, very slow, not resistant to hostile enchantments,
quite stealthy
A: almost no armour, amphibious, 8 rings, constrict 8, camouflage 1, gelatinous
body 1
a: no special abilities


You were on level 5 of the Dungeon.
You were not hungry.

You visited 1 branch of the dungeon, and saw 5 of its levels.

You collected 140 gold pieces.

Inventory:

Missiles
 a - 27 arrows
 o - 3 javelins (quivered)
Scrolls
 d - a scroll of amnesia
 g - 2 scrolls of remove curse
 n - 3 scrolls of enchant armour
Potions
 f - 2 potions of curing
 h - a potion of berserk rage
 i - a potion of agility
 k - 2 potions of brilliance
 m - a potion of degeneration {unknown}
Books
 b - a book of Changes

   Spells                             Type                      Level
   a - Beastly Appendage              Transmutation                1
   b - Sticks to Snakes               Transmutation                2
   c - Spider Form                    Transmutation/Poison         3
   d - Ice Form                       Ice/Transmutation            4
   e - Blade Hands                    Transmutation                5
Comestibles
 c - a bread ration


   Skills:
 - Level 3.1 Fighting
 + Level 2.4 Dodging
 + Level 2.7 Stealth
 - Level 4.0 Unarmed Combat
 - Level 2.0 Spellcasting
 + Level 2.6 Transmutations
 - Level 2.5 Poison Magic


You had 3 spell levels left.
You knew the following spells:

 Your Spells              Type           Power        Failure   Level  Hunger
a - Beastly Appendage     Trmt           ##....       10%         1    #......
b - Sticks to Snakes      Trmt           ##......     12%         2    ###....
c - Spider Form           Trmt/Pois      ##........   21%         3    ###....


Dungeon Overview and Level Annotations

Branches:
Dungeon (5/15)
 Temple: D:4-7

Altars:
Elyvilon
Ru

Annotations:
D:4 Pikel


Innate Abilities, Weirdness & Mutations

You cannot wear most types of armour.
You are amphibious.
You can wear up to eight rings at the same time.
You can use your tentacles to constrict eight enemies at once.
Your skin changes colour to match your surroundings (Stealth).
Your rubbery body absorbs attacks (AC +1).


Message History

The howler monkey closely misses you.
The howler monkey completely misses you.
There are no items here.
The howler monkey completely misses you.
The howler monkey misses you.
Your transformation has ended.
The howler monkey hoots and howls with incredible vigour!
You hear a howl!
You hear a shout!
The gnoll hits you with a flail.
* * * LOW HITPOINT WARNING * * *
Found an escape hatch in the ceiling.
The howler monkey completely misses you.
The howler monkey bites you.
* * * LOW HITPOINT WARNING * * *
The howler monkey hoots and howls with incredible vigour!
The gnoll barely misses you. The howler monkey barely misses you.
The howler monkey misses you.
You hear a howl!
The troll closely misses you. The troll claws you!
You die...

#.###..##........
#.###............
+................
#.#.#..##..#####
#.#g#..##..#
#.gs...##..#
#######.hg.....########
...<..g.T.............#
#######@#.........#.###.
#.#...............
#.##..#...........
#.##..#..#†##.###.
............ ...
#.##......... ....
#............. ...
#.###........###..
#.#....#.#


You could see a troll, a howler monkey, 4 gnolls and a giant cockroach.

Vanquished Creatures
  A slave (D:3)
  A scorpion (D:5)
  A jelly (D:5)
  Jessica (D:3)
  Natasha (D:2)
  Robin (D:3)
  2 adders
  An ooze (D:1)
  A dart slug (D:1)
  A giant gecko (D:2)
  2 orcs (D:5)
  2 giant cockroaches (D:3)
  12 goblins
  13 hobgoblins
  3 kobolds (D:1)
  2 quokkas
  A ball python (D:1)
  5 bats
  2 giant newts
  4 rats
57 creatures vanquished.

Vanquished Creatures (collateral kills)
  Natasha (twice) (D:2)
  2 orcs (D:5)
  A hobgoblin (D:3)
5 creatures vanquished.

Grand Total: 62 creatures vanquished

Notes
Turn   | Place    | Note
--------------------------------------------------------------
     0 | D:1      | Ijustatesigmund the Octopode Transmuter began the quest for the Orb.
     0 | D:1      | Reached XP level 1. HP: 13/13 MP: 3/3
   219 | D:1      | Reached XP level 2. HP: 17/19 MP: 3/5
   232 | D:1      | Learned a level 2 spell: Sticks to Snakes
  1132 | D:1      | Reached XP level 3. HP: 22/25 MP: 6/6
  1150 | D:1      | Learned a level 3 spell: Spider Form
  1569 | D:2      | Noticed Natasha
  1584 | D:2      | Killed Natasha
  1584 | D:2      | Reached skill level 1 in Poison Magic
  1584 | D:2      | Reached XP level 4. HP: 13/30 MP: 2/7
  1924 | D:2      | Noticed Natasha
  1933 | D:2      | Killed Natasha
  2051 | D:2      | Noticed Natasha
  2061 | D:2      | Killed Natasha
  2435 | D:3      | Found a sacrificial altar of Ru.
  2472 | D:3      | Noticed Jessica
  2480 | D:3      | Killed Jessica
  2480 | D:3      | Reached skill level 4 in Unarmed Combat
  2480 | D:3      | Reached XP level 5. HP: 34/36 MP: 8/8
  2511 | D:3      | Noticed Robin
  2531 | D:3      | Killed Robin
  2588 | D:4      | Noticed Pikel
  2588 | D:4      | Noticed a slave
  2588 | D:4      | Noticed a slave
  2594 | D:4      | Found a white marble altar of Elyvilon.
  2602 | D:4      | Noticed a slave
  2602 | D:4      | Noticed a slave
  2614 | D:3      | Reached skill level 1 in Stealth
  2954 | D:3      | Killed a slave
  3056 | D:5      | Entered Level 5 of the Dungeon
  3292 | D:5      | Noticed a troll
  3293 | D:5      | Reached XP level 6. HP: 30/42 MP: 4/9
  3331 | D:5      | HP: 2/42 [howler monkey (1)]
  3333 | D:5      | Mangled by a troll

Vault maps used:
D:1:      moated_graveyard_arrival
D:2:      uniq_natasha
D:3:      marbit_many_paths, minmay_misc_feat_nine_boxes, uniq_jessica,
          uniq_robin
D:4:      overflow_temple_1_default, kennysheep_mini, okawaru_gym_becter,
          lemuel_round_altar, minmay_misc_feat_tower, corexii_leaking_fountain,
          uniq_pikel, uniq_blork_the_orc
D:5:      kennysheep_little_box, first_bread, tso_metal_star

Skill      XL: |  1  2  3  4  5 |
---------------+----------------+-----
Fighting       | 2 3 |  3.1
Poison Magic   | 1 2 |  2.5
Unarmed Combat | 4 |  4.0
Stealth        | 2 |  2.7
Dodging        | |  2.4
Spellcasting   | |  2.0
Transmutations | |  2.6

Action                   |  1- 3 |  4- 6 || total
-------------------------+-------+-------++-------
Melee: Unarmed           |    51 |    83 ||   134
Throw: Javelin           |       |     4 ||     4
 Cast: Beastly Appendage |     9 |     7 ||    16
       Sticks to Snakes  |     2 |    18 ||    20
       Spider Form       |       |     1 ||     1
  Use: Scroll            |     6 |     7 ||    13
       Potion            |       |     5 ||     5
 Stab: Sleeping          |     2 |     3 ||     5
       Invisible         |       |     1 ||     1
  Eat: Chunk             |     1 |     3 ||     4
       Bread ration      |     1 |     1 ||     2
